 Dungeon Crawl Stone Soup version 0.29.0-10-g45618ea6d2 (webtiles) character file.

Game seed: 6162244653476343008

5701 concernfroge the Fighter (level 10, -3/85 HPs)
             Began as a Mummy Monk on Sept 2, 2022.
             Was a High Priest of Cheibriados.
             Slain by a troll (4 damage)
             ... on level 9 of the Dungeon.
             The game lasted 00:39:48 (7925 turns).

concernfroge the Fighter (Mummy Monk)               Turns: 7925, Time: 00:39:50

Health: -3/85      AC: 15    Str: 34    XL:     10   Next: 48%
Magic:  1/4        EV: 11    Int: 23    God:    Cheibriados [*****.]
Gold:   19         SH:  0    Dex: 28    Spells: 9/9 levels left

rFire   . . .      SeeInvis .   j - +0 war axe (antimagic)
rCold   + . .      Faith    .   (no shield)
rNeg    + + +      Spirit   .   g - +0 chain mail
rPois   ∞          Reflect  .   m - +2 helmet
rElec   .          Harm     .   k - scarf {repulsion}
rCorr   .          Rampage  .   q - +1 pair of gloves
Will    +....                   d - +1 pair of boots
Stlth   ..........              o - amulet of regeneration
HPRegen 1.04/turn               e - ring of fire
MPRegen 0.09/turn               x - ring of protection from cold

@: repel missiles, very slow
A: cold resistance 1, negative energy resistance 3, torment resistance 2, heat
vulnerability 1, in touch with death 1, no potions
a: Renounce Religion, Bend Time, Temporal Distortion, Slouch, Step From Time


You were on level 9 of the Dungeon.
You worshipped Cheibriados.
Cheibriados was extremely pleased with you.
You visited 2 branches of the dungeon, and saw 10 of its levels.
You also visited: Ossuary.

You collected 765 gold pieces.
You spent 746 gold pieces at shops.

Inventory:

Hand Weapons
 a - a +2 battleaxe
 h - a +0 executioner's axe
 j - a +0 antimagic war axe (weapon)
Missiles
 c - 28 poisoned darts (quivered)
 u - 7 javelins
 z - a throwing net
Armour
 d - a +1 pair of boots (worn)
 g - a +0 chain mail (worn)
 k - a scarf of repulsion (worn)
 m - a +2 helmet (worn)
 q - a +1 pair of gloves (worn)
Jewellery
 e - a ring of fire (left hand)
 o - an amulet of regeneration (around neck)
 p - an amulet of the acrobat
 x - a ring of protection from cold (right hand)
Wands
 f - a wand of flame (13)
 v - a wand of roots (13)
 w - a wand of digging (3)
Scrolls
 b - 2 scrolls of noise
 i - 8 scrolls of teleportation
 l - 3 scrolls of magic mapping
 n - a scroll of enchant weapon
 r - 2 scrolls of vulnerability
 s - a scroll of fog
 t - a scroll of poison
 y - 2 scrolls of identify


   Skills:
 - Level 10.0 Fighting
 + Level 9.9(10.1) Axes
 - Level 2.4(6.7) Polearms
 - Level 2.4 Dodging
 - Level 1.5 Stealth
 - Level 4.0 Invocations


You had 9 spell levels left.
You didn't know any spells.
Your spell library contained the following spells:

 Spells                   Type           Power      Damage    Failure   Level
 Sandblast                Erth           0%         2d4       58%         1
 Passwall                 Tmut/Erth      0%         N/A       75%         2
 Frozen Ramparts          Ice            0%         1d1       92%         3
 Stone Arrow              Conj/Erth      0%         3d7       92%         3
 Summon Ice Beast         Ice/Summ       0%         N/A       100%        4
 Chain Lightning          Conj/Air       0%         N/A       100%        9
 Fire Storm               Conj/Fire      0%         5d1       100%        9
 Shatter                  Erth           0%         3d5*      100%        9
 Ice Form                 Ice/Tmut       Unusable   N/A       N/A         4

Dungeon Overview and Level Annotations

Branches:
Dungeon (9/15)             Temple (1/1) D:5         Ossuary (visited)
   Lair: D:8-11         Orc: D:9-12

Altars:
Ashenzari
Cheibriados
Dithmenos
Fedhas
Gozag
Hepliaklqana
Kikubaaqudgha
Makhleb
Nemelex Xobeh
Okawaru
Qazlal
Ru
Sif Muna
Trog
Uskayaw
Vehumet
Wu Jian
Xom
Yredelemnul

Shops:
D:9 [(**

Annotations:
D:6 1 runed translucent door, LynnLen's ghost, novice SpEn


Innate Abilities, Weirdness & Mutations

You are immune to poison.
Your flesh is cold resistant. (rC+)
You are immune to negative energy. (rN+++)
You are immune to unholy pain and torment.
You are vulnerable to heat. (rF-)
You are in touch with the powers of death.
You do not drink.


Message History

There is an escape hatch in the ceiling here.
A troll comes into view.
The troll shouts!
The troll bites you but does no damage. The troll claws you!
The troll claws you. The troll bites you but does no damage.
The troll misses you. The troll closely misses you.
You barely miss the troll. The troll misses you. The troll claws you.
The troll claws you!
You hit the troll.
The troll is lightly wounded.
The troll bites you! The troll claws you but does no damage.
The troll claws you.
You slice the troll!!
The troll is heavily wounded.
The troll barely misses you.
The troll claws you but does no damage. x2
The flow of time bends around you.
The troll resists with some effort.
The troll misses you. The troll claws you but does no damage.
The troll claws you!
You are too injured to fight recklessly!
Okay, then.
You closely miss the troll.
The troll is heavily wounded.
The troll bites you! The troll barely misses you. The troll closely misses you.
You hit the troll.
The troll is heavily wounded.
The troll bites you.
* * * LOW HITPOINT WARNING * * *
The troll claws you!
* * * LOW HITPOINT WARNING * * *
The troll claws you.
* * * LOW HITPOINT WARNING * * *
Okay, then.
Aiming: Fastroot
Press: ? - help, Shift-Dir - straight line The roots erupt in riotous growth!
Roots grab the troll.
The grasping roots constrict the troll.
The troll bites you!
* * * LOW HITPOINT WARNING * * *
The troll barely misses you. The troll claws you.
You die...

#.# #.# .. #.# #.# ...
#.# #.#
...########.##########.#
........................
#............########.#
#............# #.#
#............# #.#
#.....@......# #.#
#....T.......# #.#
#............# #.#
#............# #.#
#............#
#............#
#............#
#............#


You could see a troll (rooted).

Vanquished Creatures
  2 hornets (D:9)
  3 yaks (D:9)
  A shadow (D:8)
  A steam dragon (D:7)
  A vampire mosquito (D:8)
  2 ice beasts
  3 black bears
  4 orc warriors
  3 ogres
  3 phantoms
  7 centaurs
  A kobold brigand (D:8)
  3 necrophages
  A scorpion (D:4)
  9 bullfrogs
  A gnoll sergeant (D:8)
  8 wights (D:8)
  A howler monkey (D:5)
  2 electric eels (D:9)
  2 jellies
  4 gnoll boudas
  4 orc priests
  3 hounds
  5 iguanas
  4 orc wizards
  9 mummies
  22 gnolls
  6 adders
  A shadow imp (D:6)
  An ufetubus (D:6)
  A worm (D:2)
  3 dart slugs
  18 orcs
  6 bats
  10 endoplasms
  3 giant cockroaches
  8 goblins
  4 hobgoblins
  6 jackals
  11 kobolds
  3 quokkas
  9 ball pythons
  2 frilled lizards (D:3)
  3 hobgoblin zombies (Ossuary)
  A kobold zombie (Ossuary)
  6 orc zombies
  4 rats
215 creatures vanquished.

Vanquished Creatures (others)
  4 plants (D:2)
4 creatures vanquished.

Grand Total: 219 creatures vanquished

Notes
Turn   | Place    | Note
-------+----------+-------------------------------------------
     0 | D:1      | concernfroge the Mummy Monk began the quest for the Orb.
     0 | D:1      | Reached XP level 1. HP: 18/18 MP: 1/1
   213 | D:1      | Reached XP level 2. HP: 24/24 MP: 2/2
   556 | D:1      | Reached skill level 4 in Fighting
   844 | D:1      | Gained mutation: You are in touch with the powers of death.
                  | [Mummy growth]
   844 | D:1      | Reached XP level 3. HP: 30/30 MP: 3/3
  1301 | D:2      | Found a snail-covered altar of Cheibriados.
  1315 | D:2      | Became a worshipper of Cheibriados the Contemplative
  1315 | D:2      | Reached * piety under Cheibriados
  1315 | D:2      | Reached ** piety under Cheibriados
  1854 | D:2      | Reached skill level 1 in Invocations
  2255 | D:3      | Reached XP level 4. HP: 35/38 MP: 1/4
  2319 | D:3      | Reached *** piety under Cheibriados
  3457 | D:4      | Noticed a scorpion
  3461 | D:4      | Killed a scorpion
  3462 | D:4      | Reached skill level 5 in Fighting
  3462 | D:4      | Reached XP level 5. HP: 44/44 MP: 2/6
  3669 | D:4      | Noticed a phantom
  3678 | D:4      | Killed a phantom
  3955 | D:5      | Entered Level 5 of the Dungeon
  3959 | D:5      | Reached XP level 6. HP: 52/52 MP: 2/8
  4032 | D:5      | Reached skill level 6 in Fighting
  4238 | D:5      | Reached XP level 7. HP: 59/59 MP: 2/10
  4250 | D:5      | Found a staircase to the Ecumenical Temple.
  4281 | Temple   | Entered the Ecumenical Temple
  4477 | D:5      | Reached skill level 7 in Fighting
  4504 | D:5      | Reached **** piety under Cheibriados
  5001 | D:6      | Found a sand-covered staircase.
  5009 | D:6      | Reached skill level 8 in Fighting
  5033 | Ossuary  | Entered an ossuary
  5107 | Ossuary  | Reached XP level 8. HP: 69/69 MP: 3/11
  5285 | D:6      | Found a runed translucent door.
  5286 | D:6      | Noticed LynnLen's ghost (novice SpEn)
  5353 | D:6      | Reached skill level 9 in Fighting
  5497 | D:6      | Reached skill level 10 in Fighting
  5547 | D:6      | Reached skill level 1 in Axes
  6024 | D:7      | Reached XP level 9. HP: 66/78 MP: 0/12
  6131 | D:7      | Reached skill level 5 in Axes
  6133 | D:7      | Reached ***** piety under Cheibriados
  6691 | D:8      | Found a broken altar of Ashenzari.
  6949 | D:8      | Reached XP level 10. HP: 71/85 MP: 4/13
  7412 | D:9      | Found Xawu's Antique Weapon Boutique.
  7453 | D:9      | Bought an executioner's axe for 220 gold pieces
  7522 | D:9      | Found Epuajoe's Armour Boutique.
  7531 | D:9      | Bought a scarf of repulsion for 156 gold pieces
  7531 | D:9      | Bought a +2 helmet for 214 gold pieces
  7708 | D:9      | Found Loicu's Assorted Antiques.
  7752 | D:9      | Bought a scroll of identify for 52 gold pieces
  7752 | D:9      | Bought 2 scrolls of identify for 104 gold pieces
  7756 | D:9      | Found Hyukytz's General Store.
  7925 | D:9      | HP: 1/85 [troll (10)]
  7925 | D:9      | Slain by a troll

Illustrated notes

Levels and vault maps discovered:
D:1:      lemuel_arrival_hallway, layout_loops_corners
D:2:      layout_basic, basic_altar, serial_bayou_ford_a, minmay_three_crescents
D:3:      wad_pebble_path, layout_loops_cross
D:4:      layout_layer_cave, kennysheep_generic_room_16
D:5:      layout_gridville, minmay_temple_entry_metal_lava,
          roderic_serpentine_path, st_stairs_3
D:6:      layout_cave_pools, nicolae_ossuary_entry_giza, gammafunk_ghost_grave
D:7:      layout_gridville
D:8:      cheibrodos_barr_body, layout_basic, amethyst_overflow_temple_binary
D:9:      layout_small_grid, serial_shops, shop, nicolae_stop_n_shop_1,
          nicolae_stop_n_shop_2, nicolae_shop_crystal, minmay_crystal_water
Temple:   nicolae_temple_slightly_damp_pantheon

Skill      XL: |  1  2  3  4  5  6  7  8  9 10 |
---------------+-------------------------------+-----
Fighting       | 4 5 6 8 10 | 10.0
Invocations    | 1 2 3 4 |  4.0
Axes           | 4 8 9 |  9.9
Polearms       | |  2.4
Dodging        | |  2.4
Stealth        | |  1.5

Action                   |  1- 3 |  4- 6 |  7- 9 | 10-12 || total
-------------------------+-------+-------+-------+-------++-------
Melee: Spear             |   170 |       |       |       ||   170
       War axe           |    16 |    80 |   345 |    96 ||   537
       Punch             |     2 |       |     7 |     2 ||    11
Throw: Dart              |       |     4 |     3 |    10 ||    17
Invok: Bend Time         |       |       |     7 |     5 ||    12
Evoke: Wand              |       |     2 |     8 |     6 ||    16
  Use: Scroll            |       |       |     6 |     4 ||    10
 Stab: Sleeping          |     4 |       |       |       ||     4
Armor: Robe              |    13 |       |       |       ||    13
       Ring mail         |    12 |       |       |       ||    12
       Chain mail        |    48 |    54 |   228 |    61 ||   391
Dodge: Dodged            |    80 |    50 |   206 |    71 ||   407
       Repelled          |       |       |       |     3 ||     3
